 Dungeon Crawl Stone Soup version 0.21.1-1-g345015f (webtiles) character file.

2 shakethe the Conjurer (level 1, -4/15 HPs)
             Began as a Naga Conjurer on Feb 22, 2018.
             Slain by a hobgoblin
             ... wielding a +0 club
              (5 damage)
             ... on level 1 of the Dungeon.
             The game lasted 00:00:41 (54 turns).

shakethe the Conjurer (Naga Conjurer)                 Turns: 54, Time: 00:00:42

Health: -4/15      AC:  1    Str: 10    XL:     1   Next: 40%
Magic:  2/3        EV: 10    Int: 15    God:
Gold:   0          SH:  0    Dex: 11    Spells: 3/4 levels left

rFire    . . .     SeeInvis +   (no weapon)
rCold    . . .     Gourm    .   (no shield)
rNeg     . . .     Faith    .   a - +0 robe
rPois    +         Spirit   .   (no helmet)
rElec    .         Reflect  .   (no cloak)
rCorr    .         Harm     .   (no gloves)
MR       .....                  (no barding)
Stlth    ++........             (no amulet)
HPRegen  0.05/turn              (no ring)
MPRegen  0.08/turn              (no ring)

@: very slow
A: large, see invisible, deformed body, poison resistance, slowness 2, slow
metabolism 1, spit poison 1, AC +0
a: Spit Poison


You were on level 1 of the Dungeon.
You were not hungry.

You visited 1 branch of the dungeon, and saw 1 of its levels.

Inventory:

Armour
 a - a +0 robe (worn)
Scrolls
 d - a scroll of teleportation {unknown}
Books
 b - a book of Conjurations
Comestibles
 c - a ration


   Skills:
 + Level 0.1 Fighting
 - Level 1.5 Dodging
 + Level 3.1 Stealth
 + Level 2.0 Spellcasting
 * Level 4.0 Conjurations


You had 3 spell levels left.
You knew the following spells:

 Your Spells              Type           Power        Failure   Level  Hunger
a - Magic Dart            Conj           ##..         4%          1    #......


Dungeon Overview and Level Annotations

Branches:
Dungeon (1/15)

Altars:


Innate Abilities, Weirdness & Mutations

You cannot wear boots.
Your serpentine skin is tough. (AC +0)
You have supernaturally acute eyesight. (SInv)
Armour fits poorly on your strangely shaped body.
Your system is resistant to poisons. (rPois)
You cover ground very slowly.
You have a slow metabolism.
You can spit poison.


Message History

Welcome, shakethe the Naga Conjurer.
Will you prevail where others failed? Will you find the Orb of Zot?
Found a scroll labeled JEN USO ANINA.
Found a staircase leading out of the dungeon.
Okay, then.
d - a scroll labeled JEN USO ANINA As you open the door, it creaks loudly!
There is an open door here.
A kobold and a dart slug come into view.
Aim: a kobold (resting)
The magic dart hits the kobold.
The kobold shouts!
You hear a shout!
A giant cockroach comes into view.
You now have 2/3 mp.
Aim: a kobold (severely wounded)
The magic dart hits the kobold.
You kill the kobold!
The dart slug moves out of view.
You now have 1/3 mp.
Aim: a giant cockroach (clinging)
The magic dart hits the giant cockroach.
You now have 0/3 mp.
You don't have enough magic to cast that spell.
You hit the giant cockroach but do no damage.
The giant cockroach barely misses you. The giant cockroach closely misses you.
You closely miss the giant cockroach. The giant cockroach bites you.
A hobgoblin comes into view. It is wielding a club.
You take 1 damage, and have 14/15 hp.
You hit the giant cockroach. The giant cockroach bites you.
You take 1 damage, and have 13/15 hp.
You hit the giant cockroach but do no damage.
The giant cockroach bites you.
You take 2 damage, and have 11/15 hp.
You hit the giant cockroach but do no damage.
The giant cockroach bites you.
You take 1 damage, and have 10/15 hp.
You hit the giant cockroach but do no damage.
The giant cockroach barely misses you. The giant cockroach bites you.
You take 1 damage, and have 9/15 hp.
You barely miss the giant cockroach. The giant cockroach closely misses you.
You hit the giant cockroach but do no damage.
The giant cockroach bites you.
You take 1 damage, and have 8/15 hp.
You completely miss the giant cockroach.
The giant cockroach bites you but does no damage.
You barely miss the giant cockroach.
The giant cockroach bites you but does no damage.
You hit the giant cockroach.
You kill the giant cockroach!
A bat comes into view.
The bat moves out of view.
The dart slug launches a dart at you. The slug dart misses you.
There is a fountain of clear blue water here.
The bat hits you but does no damage. The bat hits you but does no damage. x2
The bat closely misses you. The bat hits you.
The hobgoblin hits you with a club.
You take 4 damage, and have 5/15 hp.
MASSIVE DAMAGE!!
The bat hits you.
* * * LOW HITPOINT WARNING * * *
You take 1 damage, and have 4/15 hp.
The bat barely misses you. The bat hits you.
* * * LOW HITPOINT WARNING * * *
You take 1 damage, and have 3/15 hp.
You open the door. The bat hits you.
* * * LOW HITPOINT WARNING * * *
The bat hits you.
* * * LOW HITPOINT WARNING * * *
The hobgoblin hits you with a club.
You die...

..# #.$## ...# †.#
#######†############
........#......#...
######..#.###..#..
##.#.#....#'###
#.#.#.⌠...@#.#
#######.......#g.#.#
............####b'.#
########......#w.#.#
##.#.⌠....#<#
#.#....#+###
#.###..# #......#
########


You could see a dart slug, a hobgoblin and a bat.

Vanquished Creatures
  A giant cockroach (D:1)
  A kobold (D:1)
2 creatures vanquished.

Notes
Turn   | Place    | Note
-------+----------+-------------------------------------------
     0 | D:1      | shakethe the Naga Conjurer began the quest for the Orb.
     0 | D:1      | Reached XP level 1. HP: 15/15 MP: 3/3
    53 | D:1      | HP: 3/15 [bat (1)]
    54 | D:1      | HP: 1/15 [bat (1)]
    54 | D:1      | Slain by a hobgoblin

Action                   || total
-------------------------++-------
Melee: Unarmed           ||    11
 Cast: Magic Dart        ||     3
Armor: Robe              ||     5
Dodge: Dodged            ||     7

Vault maps used:
D:1:      dpeg_arrival_court

Table legend:
 A = Turns spent in this place as a percentage of turns spent in the entire game.
 B = Non-inter-level travel turns spent in this place as a percentage of non-inter-level travel turns spent in the entire game.
 C = Inter-level travel turns spent in this place as a percentage of turns spent in this place.
 D = Turns resting spent in this place as a percentage of non-inter-level travel turns spent in this place.
 E = Turns spent auto-exploring this place as a percentage of non-inter-level travel turns spent in this place.
 F = Non-inter-level travel turns spent in this place divided by the number of levels of this place that you've seen.
                   A       B       C       D       E      F
               +-------+-------+-------+-------+-------+----------------------
         Total | 100.0 | 100.0 |   0.0 |   0.0 |  31.5 |  54.0
       Dungeon | 100.0 | 100.0 |   0.0 |   0.0 |  31.5 |  54.0
               +-------+-------+-------+-------+-------+----------------------

Table legend:
 A = Kills in this place as a percentage of kills in entire the game.
 B = Kills by you in this place as a percentage of kills by you in the entire game.
 C = Kills by friends in this place as a percentage of kills by friends in the entire game.
 D = Other kills in this place as a percentage of other kills in the entire game.
 E = Experience gained in this place as a percentage of experience gained in the entire game.
 F = Experience gained in this place divided by the number of levels of this place that you have seen.
                   A       B       C       D       E      F
               +-------+-------+-------+-------+-------+----------------------
         Total | 100.0 | 100.0 |   N/A |   N/A | 100.0 |   4.0
       Dungeon | 100.0 | 100.0 |   N/A |   N/A | 100.0 |   4.0
               +-------+-------+-------+-------+-------+----------------------
